 Dungeon Crawl Stone Soup version 0.13.0-18-g7b03ea5 (webtiles) character file.

10329 MDvedh the Grappler (level 11, -9/94 HPs)
             Began as a Troll Hunter on Oct 23, 2013.
             Was a Priest of Ashenzari.
             Mangled by a ten-headed hydra (13 damage)
             ... on Level 2 of the Lair of Beasts.
             The game lasted 00:28:30 (10493 turns).

MDvedh the Grappler (Troll Hunter)                 Turns: 10493, Time: 00:28:31

HP  -9/94        AC  8     Str 21      XL: 11   Next: 28%
MP   2/2         EV 14     Int  7      God: Ashenzari [***...]
Gold 491         SH  2     Dex 10      Spells:  1 memorised,  9 levels left

Res.Fire  : + . .   See Invis. : +     - Unarmed
Res.Cold  : . . .   Warding    : .   d - +0 animal skin (curse)
Life Prot.: . . .   Conserve   : .   (shield restricted)
Res.Poison: +       Res.Corr.  : .   (helmet restricted)
Res.Elec. : .       Clarity    : +   I - +0 cloak (curse)
Sust.Abil.: . .     Spirit.Shd : .   (gloves unavailable)
Res.Mut.  : .       Stasis     : .   (boots unavailable)
Res.Rott. : .       Flight     : .   (no amulet)
Gourmand  : +                        m - cursed ring of invisibility
                                     j - cursed +2 ring of evasion

@: very slightly contaminated, hasted, very quick, somewhat resistant to hostile
enchantments, unstealthy
A: unfitting armour, claws 3, deformed body, fire resistance 1, fast metabolism
3, gourmand, -10% mp, poison resistance, regeneration 2, saprovore 2, tough skin
2, AC +4, SH +2, Str -4
a: Renounce Religion, Evoke Invisibility


You were on level 2 of the Lair of Beasts.
You worshipped Ashenzari.
Ashenzari was most pleased with you.
You were not hungry.

You visited 2 branches of the dungeon, and saw 12 of its levels.

You collected 576 gold pieces.
You spent 105 gold pieces at shops.

Inventory:

Armour
 d - a cursed +0 animal skin (worn)
 I - a cursed +0 cloak (worn)
Magical devices
 f - a wand of polymorph (0) {unknown}
 q - a wand of fireball (4) {unknown}
 t - a wand of slowing (11) {unknown}
 u - a wand of hasting (7)
 x - a wand of confusion (16) {unknown}
 F - a wand of invisibility (4) {unknown}
 J - a wand of flame (14) {unknown}
 K - a wand of random effects (6) {unknown}
Comestibles
 a - 8 meat rations
 k - a banana
 p - 7 bread rations
 v - a lychee
 A - 2 sausages
 B - 2 apples
 E - a slice of pizza
 R - a pear
Scrolls
 g - 3 scrolls of blinking
 h - 8 scrolls of identify
 i - 4 scrolls of teleportation
 n - 3 scrolls of curse weapon
 s - 3 scrolls of amnesia
 y - a scroll of fear
 z - a scroll of enchant armour {unknown}
 G - 3 scrolls of curse jewellery
 H - 4 scrolls of remove curse
 O - a scroll of random uselessness
 S - a scroll of magic mapping
Jewellery
 j - a cursed +2 ring of evasion (left claw)
 m - a cursed ring of invisibility (right claw)
 o - a cursed ring of teleportation
 C - an uncursed ring of see invisible
 V - an uncursed amulet of clarity {unknown}
Potions
 c - 4 potions of heal wounds
 e - 5 potions of curing
 l - 4 potions of degeneration {unknown}
 r - 2 potions of paralysis {unknown}
 D - 2 potions of slowing {unknown}
 L - 2 potions of invisibility {unknown}
 N - a potion of strong poison {unknown}
Books
 w - a book of Cantrips

   Spells                             Type                      Level
   Confusing Touch                    Hexes                        1
   Animate Skeleton                   Necromancy                   1
   Summon Small Mammal                Summoning                    1
   *Apportation                       Translocation                1


   Skills:
 - Level 1.5 Fighting
 - Level 8.1 Throwing
 + Level 5.9(7.8) Dodging
 - Level 0.4(1.1) Stealth
 - Level 13.8 Unarmed Combat


You had 9 spell levels left.
You knew the following spells:

 Your Spells              Type           Power        Failure   Level  Hunger
a - Apportation           Tloc           #.........   47%         1    ##.....


Dungeon Overview and Level Annotations

Branches:
Dungeon (10/27)            Temple (0/1) D:4             Orc (0/4) D:6
   Lair (2/8) D:9

Altars:
Ashenzari
Xom

Shops:
D:4 !   D:5 *

Annotations:
D:10 Urug


Innate Abilities, Weirdness & Mutations

You are too large for most types of armour.
You have claws for hands.
Your metabolism is lightning-fast.
You like to eat raw meat.
You heal very quickly.
You can eat rotten meat.
You are covered in fur (AC +1).
You have very tough skin (AC +2).
You are partially covered in icy blue scales (AC +1).
You are partially covered in large bone plates (AC +2, SH +2).
Armour fits poorly on your strangely shaped body.
Your flesh is heat resistant.
Your magical capacity is low (-10% MP).
Your system is resistant to poisons.
You are very weak. (Str -4)


Message History

The eight-headed hydra bites you!
The eight-headed hydra closely misses you.
The eight-headed hydra bites you but does no damage.
The eight-headed hydra closely misses you.
You tear one of the eight-headed hydra's heads off!
The seven-headed hydra grows two more!
You claw the nine-headed hydra!
The nine-headed hydra is almost dead.
You claw one of the nine-headed hydra's heads off!
The eight-headed hydra grows two more!
You hit the ten-headed hydra.
The ten-headed hydra is almost dead.
The ten-headed hydra barely misses you. The ten-headed hydra misses you.
The ten-headed hydra bites you!
* * * LOW HITPOINT WARNING * * *
The ten-headed hydra closely misses you.
The ten-headed hydra bites you.
* * * LOW HITPOINT WARNING * * *
The ten-headed hydra bites you!
* * * LOW HITPOINT WARNING * * *
The ten-headed hydra misses you. The ten-headed hydra bites you!
You die...

.♣♣♣♣**♣♣♣♣♣♣♣ #.......#
...♣♣♣♣♣ ** #......##
♣♣.♣♣♣♣♣♣♣♣ * #...#.##
♣♣♣%..♣♣♣♣♣♣♣* #..#(#####
♣♣♣♣♣♣...♣♣♣♣ #..(##.#.#
♣♣♣♣♣♣♣♣..♣♣**#.......##
* ♣♣♣♣♣♣.>♣♣ #........# *
*♣♣♣♣♣♣♣*#D##...### *
♣♣♣♣♣♣##@.#....# ###
###########.....####
..###....f.........#.##
....###...P.###.......###
.....#f...P## ##........#
.....#......## #..#....P#
......#......####..#.####
..................#....#
..................##..##


You could see a ten-headed hydra (bleeding).

Vanquished Creatures
  A hydra (Lair:2)
  2 black mambas
  Maurice (D:9)
  A spiny frog (Lair:1)
  5 komodo dragons (Lair:2)
  A fire drake (Lair:2)
  A blink frog (Lair:2)
  The ghost of MDvedh the Cutter, an average TeSk of Kikubaaqudgha (D:4)
  A wraith (D:10)
  A hippogriff (Lair:2)
  A hungry ghost (D:9)
  Edmund (D:5)
  A swamp drake (D:6)
  7 porcupines
  3 ice beasts
  2 sky beasts (D:9)
  3 orc warriors
  A centaur (D:8)
  3 ogres
  7 crocodiles
  4 giant frogs
  3 water moccasins
  A giant slug (Lair:1)
  Blork the orc (D:9)
  3 agate snails
  11 wights
  5 crimson imps
  11 hounds
  The ghost of timbw the Insei, a weakling KoTm (D:3)
  2 centaur skeletons (D:9)
  6 iguanas
  5 orc priests
  6 orc wizards
  5 scorpions
  9 worker ants
  Ijyb (D:6)
  Terence (D:2)
  A hound skeleton (D:4)
  A worker ant zombie (D:7)
  34 green rats (Lair:2)
  12 adders
  3 gnolls (D:5)
  3 giant mites
  2 worms
  An adder zombie (D:9)
  An iguana zombie (D:9)
  5 giant geckos
  An ooze (D:6)
  27 orcs
  14 bats
  6 giant cockroaches
  8 goblins
  14 hobgoblins
  14 jackals
  7 quokkas
  A ball python (D:1)
  9 giant newts
  13 kobolds
  25 rats
  A rat skeleton (D:5)
  A rat zombie (D:5)
323 creatures vanquished.

Vanquished Creatures (others)
  A gnoll (D:9)
  A fungus (Lair:2)
2 creatures vanquished.

Grand Total: 325 creatures vanquished

Notes
Turn   | Place    | Note
--------------------------------------------------------------
     0 | D:1      | MDvedh, the Troll Hunter, began the quest for the Orb.
     0 | D:1      | Reached XP level 1. HP: 20/20 MP: 0/0
     2 | D:1      | Noticed a vampire
     2 | D:1      | Noticed a draconian
     4 | D:1      | Noticed a human
     4 | D:1      | Noticed an ogre
     6 | D:1      | Noticed an octopode
     6 | D:1      | Noticed a centaur
     8 | D:1      | Noticed a naga
     8 | D:1      | Noticed a spriggan
    10 | D:1      | Noticed a minotaur
    12 | D:1      | Noticed a demigod
    12 | D:1      | Noticed a tengu
    14 | D:1      | Noticed a ghoul
    16 | D:1      | Noticed a troll
    16 | D:1      | Noticed a demonspawn
    18 | D:1      | Noticed a dwarf
    20 | D:1      | Noticed an elf
    20 | D:1      | Noticed a merfolk
    22 | D:1      | Noticed a felid
    24 | D:1      | Found a shattered altar of Ashenzari.
    51 | D:1      | Became a worshipper of Ashenzari the Shackled
   233 | D:1      | Reached XP level 2. HP: 28/28 MP: 0/0
   733 | D:2      | Reached XP level 3. HP: 31/35 MP: 1/1
   924 | D:2      | Reached XP level 4. HP: 39/42 MP: 1/1
   937 | D:2      | Reached skill level 4 in Unarmed Combat
   963 | D:2      | Noticed Terence
   972 | D:2      | Killed Terence
  1134 | D:2      | Gained mutation: You are weak. (Str -2) [potion of mutation]
  1134 | D:2      | Gained mutation: Your magical capacity is low (-10% MP). [potion of mutation]
  1134 | D:2      | Gained mutation: Armour fits poorly on your strangely shaped body. [potion of mutation]
  1135 | D:2      | Gained mutation: You are partially covered in icy blue scales (AC +1). [potion of mutation]
  1135 | D:2      | Gained mutation: You are very weak. (Str -4) [potion of mutation]
  1135 | D:2      | Gained mutation: Your system is resistant to poisons. [potion of mutation]
  1379 | D:3      | Reached XP level 5. HP: 46/49 MP: 0/0
  1455 | D:3      | Reached skill level 5 in Unarmed Combat
  1582 | D:3      | Noticed timbw's ghost (weakling KoTm)
  1591 | D:3      | Killed timbw's ghost
  1972 | D:4      | Found a staircase to the Ecumenical Temple.
  2131 | D:4      | Noticed MDvedh's ghost (average TeSk)
  2135 | D:4      | Killed MDvedh's ghost
  2135 | D:4      | Reached skill level 6 in Unarmed Combat
  2135 | D:4      | Reached XP level 6. HP: 58/58 MP: 1/1
  2162 | D:4      | Noticed an ogre
  2165 | D:4      | Killed an ogre
  2165 | D:4      | Reached skill level 7 in Unarmed Combat
  2320 | D:4      | Found Klaosa's Distillery.
  2329 | D:4      | Bought a potion of speed for 77 gold pieces
  2329 | D:4      | Bought a potion of curing for 28 gold pieces
  2553 | D:5      | Entered Level 5 of the Dungeon
  2577 | D:5      | Reached XP level 7. HP: 63/65 MP: 1/1
  2613 | D:5      | Noticed Edmund
  2622 | D:5      | Killed Edmund
  2622 | D:5      | Reached skill level 8 in Unarmed Combat
  2885 | D:5      | Found Moaz Mnu's Elemental Accessories.
  3099 | D:5      | Reached skill level 9 in Unarmed Combat
  3130 | D:5      | Reached XP level 8. HP: 28/72 MP: 1/1
  3422 | D:6      | Noticed Ijyb
  3426 | D:6      | Killed Ijyb
  3448 | D:6      | Found a staircase to the Orcish Mines.
  3746 | D:6      | Reached skill level 10 in Unarmed Combat
  4227 | D:6      | HP: 2/72 [orc/uncursed orcish hand axe (5)]
  4400 | D:6      | Reached skill level 11 in Unarmed Combat
  5156 | D:7      | Reached XP level 9. HP: 61/79 MP: 2/2
  5202 | D:7      | Learned a level 1 spell: Apportation
  5548 | D:8      | Acquired Ashenzari's first power
  5599 | D:8      | Gained mutation: You are partially covered in large bone plates (AC +2, SH +2). [potion of mutation]
  5599 | D:8      | Gained mutation: Your flesh is heat resistant. [potion of mutation]
  6142 | D:8      | Reached skill level 12 in Unarmed Combat
  6214 | D:9      | Noticed Blork the orc
  6220 | D:9      | Killed Blork the orc
  6295 | D:9      | Noticed Maurice
  6338 | D:9      | Killed Maurice
  6358 | D:9      | Reached skill level 13 in Unarmed Combat
  6414 | D:9      | Found a staircase to the Lair.
  7017 | D:9      | Noticed a hill giant
  7049 | D:9      | Reached XP level 10. HP: 87/87 MP: 2/2
  7183 | D:9      | Found a shimmering altar of Xom.
  7333 | D:10     | Entered Level 10 of the Dungeon
  7372 | D:10     | Noticed Urug
  7444 | Lair:1   | Entered Level 1 of the Lair of Beasts
  7488 | Lair:1   | Noticed a black mamba
  7493 | Lair:1   | Killed a black mamba
  7493 | Lair:1   | Reached skill level 5 in Throwing
  7568 | Lair:1   | Acquired Ashenzari's second power
  8591 | Lair:2   | Noticed a six-headed hydra
  8933 | Lair:2   | Noticed a black mamba
  8939 | Lair:2   | Killed a black mamba
  9425 | Lair:2   | Reached XP level 11. HP: 78/94 MP: 2/2
  9650 | Lair:2   | Reached skill level 5 in Dodging
 10202 | Lair:2   | Noticed a five-headed hydra
 10212 | Lair:2   | Killed a ten-headed hydra
 10493 | Lair:2   | HP: 4/94 [ten-headed hydra (15)]
 10493 | Lair:2   | Mangled by a ten-headed hydra

Action                   |  1- 3 |  4- 6 |  7- 9 | 10-12 || total
-------------------------+-------+-------+-------+-------++-------
Melee: Unarmed           |   105 |   176 |   407 |   355 ||  1043
Throw: Large rock        |       |     5 |    16 |     7 ||    28
Evoke: Wand              |       |       |       |     2 ||     2
  Use: Scroll            |     1 |     8 |     4 |     5 ||    18
       Potion            |       |     8 |     6 |     1 ||    15
 Stab: Sleeping          |       |       |     2 |     5 ||     7
